 Dungeon Crawl Stone Soup version 0.30-a0-165-g1891117ce2 (webtiles) character file.

Game seed: 17611426545908220676

3766 qw the Cleaver (level 10, 0/64 HPs)
             Began as a Gargoyle Fighter on Sept 28, 2022.
             Was a Priest of Okawaru.
             Slain by a boulder beetle (6 damage)
             ... on level 8 of the Dungeon.
             The game lasted 00:02:35 (6659 turns).

qw the Cleaver (Gargoyle Fighter)                   Turns: 6659, Time: 00:02:35

Health: 0/64       AC: 29    Str: 24    XL:     10   Next: 15%
Magic:  12/13      EV: 14    Int:  9    God:    Okawaru [***...]
Gold:   420        SH: 10    Dex:  9    Spells: 9/9 levels left

rFire   . . .      SeeInvis .    Y - +1 war axe (protect)
rCold   . . .      Faith    .    c - +0 buckler
rNeg    + . .      Spirit   .    e - +0 chain mail
rPois   inf        Reflect  +    b - +2 helmet
rElec   +          Harm     .    (no cloak)
rCorr   .          Rampage  .    (no gloves)
Will    .....                    (no boots)
Stlth   ..........               h - amulet of reflection
HPRegen 0.20/turn                g - +4 ring of evasion
MPRegen 0.13/turn                (no ring)

@: heroic, under a protective aura
A: sickness immunity, AC +7, negative energy resistance 1, electricity
resistance, torment resistance 1, petrification resistance
a: Renounce Religion, Heroism


You were on level 8 of the Dungeon.
You worshipped Okawaru.
Okawaru was most pleased with you.
You visited 2 branches of the dungeon, and saw 9 of its levels.

You collected 420 gold pieces.


Innate Abilities, Weirdness & Mutations

You are immune to sickness and miasma.
Your stone body is resilient. (AC +7)
You are immune to poison.
You resist negative energy. (rN+)
You are resistant to electric shocks. (rElec)
You are resistant to unholy torment.
You are immune to petrification.


   Skills:
 + Level 7.6(12.6) Fighting
 - Level 10.2(15.2) Axes
 - Level 5.6(10.6) Armour
 - Level 1.8(6.8) Dodging
 - Level 4.1(9.1) Shields
 - Level 4.1 Invocations


You had 9 spell levels left.
You didn't know any spells.
Your spell library was empty.

Inventory:

Hand Weapons
 m - a +0 flail
 Y - a +1 war axe of protection (weapon)
Armour
 b - a +2 helmet (worn)
 c - a +0 buckler (worn)
 e - a +0 chain mail (worn)
 j - the +0 scale mail "Dym Zah" {-Cast rElec rCorr}
   (You took it off a goblin on level 3 of the Dungeon)

   rElec:     It insulates you from electricity.
   -Cast:     It prevents spellcasting.
   rCorr:     It protects you from acid and corrosion.
Jewellery
 g - a +4 ring of evasion (left hand)
 h - an amulet of reflection (around neck)
Scrolls
 a - 5 scrolls of identify
 q - a scroll of enchant armour
Potions
 d - a potion of might
 i - 2 potions of lignification
 k - 2 potions of cancellation
 n - a potion of attraction
 o - a potion of haste

Dungeon Overview and Level Annotations

Branches:
Dungeon (9/15)             Temple (1/1) D:5
   Lair: D:8-11         Orc: D:9-12

Altars:
Ashenzari
Cheibriados
Dithmenos
Elyvilon
Fedhas
Gozag
Hepliaklqana
Kikubaaqudgha
Makhleb
Nemelex Xobeh
Okawaru
Qazlal
Ru
Sif Muna
Trog
Uskayaw
Vehumet
Wu Jian
Xom
Yredelemnul
Zin
The Shining One

Shops:
D:1 (


Message History

The boulder beetle is moderately wounded.
The boulder beetle barely misses you.
You slash the boulder beetle!
The boulder beetle is heavily wounded.
You block the boulder beetle's attack.
You hit the boulder beetle but do no damage.
The boulder beetle is heavily wounded.
You feel like a meek peon again.
6649 ||| INVOKING Heroism.
You gain the combat prowess of a mighty hero.
The boulder beetle misses you.
You hit the boulder beetle but do no damage.
The boulder beetle is heavily wounded.
The boulder beetle bites you but does no damage.
You hit the boulder beetle but do no damage.
The boulder beetle is heavily wounded.
You block the boulder beetle's attack.
You hit the boulder beetle but do no damage.
The boulder beetle is heavily wounded.
You block the boulder beetle's attack.
You hit the boulder beetle.
The boulder beetle is heavily wounded.
You slash the boulder beetle!
The boulder beetle is severely wounded.
The boulder beetle bites you but does no damage.
You hit the boulder beetle but do no damage.
The boulder beetle is severely wounded.
The boulder beetle bites you!
You hit the boulder beetle but do no damage.
The boulder beetle is severely wounded.
The boulder beetle barely misses you.
You hit the boulder beetle but do no damage.
The boulder beetle is severely wounded.
The boulder beetle barely misses you.
You hit the boulder beetle but do no damage.
The boulder beetle is severely wounded.
You hit the boulder beetle but do no damage.
The boulder beetle is severely wounded.
The boulder beetle bites you.
You die...

.(..........###..##
...........####.##
............##.#
### #.......#.##.#
##..##.......#.##..
#....##.....##.##..
#.....###.####.##..
#........##.#
#.@B......#.#
##%[###...#.# #$##
..## ./?! .##
.##!#. ## # ..##.
... .. .... .. ##..
#.


You could see a boulder beetle.

Vanquished Creatures
  Gastronok (D:9)
  2 trolls (D:8)
  A wind drake (shapeshifter) (D:8)
  Sigmund (D:3)
  A steam dragon (D:8)
  A water moccasin (D:8)
  4 ogres
  A centaur (D:6)
  3 phantoms
  2 bullfrogs
  3 scorpions
  2 necrophages
  4 hounds
  2 jellies (D:4)
  2 orc priests
  3 iguanas
  4 orc wizards
  4 gnolls (D:2)
  7 adders
  2 shadow imps (D:6)
  An ufetubus (D:3)
  3 worms
  2 dart slugs
  11 orcs
  12 endoplasms
  3 giant cockroaches
  2 hobgoblins
  6 jackals (D:1)
  8 kobolds
  A quokka (D:4)
  11 ball pythons
  13 bats
  3 frilled lizards (D:1)
  15 goblins
  4 rats
145 creatures vanquished.

Notes
Turn   | Place    | Note
-------+----------+-------------------------------------------
     0 | D:1      | qw the Gargoyle Fighter began the quest for the Orb.
     0 | D:1      | Reached XP level 1. HP: 14/14 MP: 1/1
     0 | D:1      | 0 ||| qw: Version: 0.2-a-12-gaebbb33
     0 | D:1      | 0 ||| qw: Game counter: 882
     0 | D:1      | 0 ||| qw: Always use a shield: true
     0 | D:1      | 0 ||| qw: God list: Okawaru
     0 | D:1      | 0 ||| qw: Allow faded altars: false
     0 | D:1      | 0 ||| qw: Do Orc after D:15 true
     0 | D:1      | 0 ||| qw: Do second Lair branch before Depths: true
     0 | D:1      | 0 ||| qw: Lair rune preference: random
     0 | D:1      | 0 ||| qw: Plans: Normal, Zot:1-4, God:TSO, Crypt, Tomb,
                  | Pan, Slime:5, Hells, Abyss, Orb
     0 | D:1      | 0 ||| PLANNING D:1-11
    29 | D:1      | Reached skill level 2 in Axes
   240 | D:1      | Found a faded altar of an unknown god.
   332 | D:1      | Reached XP level 2. HP: 18/19 MP: 2/2
   391 | D:1      | 391 ||| Stepping ~*~*~tactically~*~*~ (stealth).
   406 | D:1      | 406 ||| Stepping ~*~*~tactically~*~*~ (stealth).
   416 | D:1      | 416 ||| Stepping ~*~*~tactically~*~*~ (stealth).
   417 | D:1      | 417 ||| Stepping ~*~*~tactically~*~*~ (stealth).
   674 | D:1      | 674 ||| Stepping ~*~*~tactically~*~*~ (stealth).
   690 | D:1      | Reached skill level 3 in Axes
   920 | D:1      | Reached XP level 3. HP: 23/23 MP: 3/3
   928 | D:1      | Found Orots's Antique Weapon Emporium.
  1002 | D:1      | 1002 ||| UPGRADING to +4 ring of evasion.
  1003 | D:1      | 1003 ||| READING scroll labelled JUFERO YJEUN.
  1004 | D:1      | 1004 ||| READING 2 scrolls labelled EWASTR LAMA.
  1005 | D:1      | 1005 ||| DROPPING scroll of magic mapping.
  1173 | D:2      | 1173 ||| Stepping ~*~*~tactically~*~*~ (stealth).
  1179 | D:2      | 1179 ||| Stepping ~*~*~tactically~*~*~ (stealth).
  1186 | D:2      | 1186 ||| Stepping ~*~*~tactically~*~*~ (stealth).
  1187 | D:2      | 1187 ||| Stepping ~*~*~tactically~*~*~ (stealth).
  1193 | D:2      | 1193 ||| Stepping ~*~*~tactically~*~*~ (stealth).
  1656 | D:2      | Reached XP level 4. HP: 26/28 MP: 4/4
  1683 | D:2      | 1683 ||| Stepping ~*~*~tactically~*~*~ (hiding).
  1684 | D:2      | 1684 ||| Stepping ~*~*~tactically~*~*~ (hiding).
  1697 | D:2      | Reached skill level 4 in Axes
  1848 | D:2      | 1848 ||| DROPPING +0 mace.
  1964 | D:2      | 1964 ||| UPGRADING to +0 chain mail.
  1974 | D:2      | 1974 ||| DROPPING +0 scale mail.
  1975 | D:2      | 1975 ||| UPGRADING to amulet of reflection.
  1980 | D:2      | 1980 ||| READING 2 scrolls labelled VIZXATH GAHIP.
  1981 | D:2      | 1981 ||| READING 2 scrolls labelled BEXUSE JASYILA.
  1985 | D:2      | 1985 ||| READING scroll labelled OCVIKIGOMA.
  1986 | D:2      | 1986 ||| READING scroll labelled RAOFUKA XA WERR.
  1987 | D:2      | 1987 ||| READING scroll labelled CUTOMM WIDU.
  1988 | D:2      | 1988 ||| READING scroll labelled INOODE JYNYO.
  1989 | D:2      | 1989 ||| READING scroll labelled VUCOAFR JAUDO.
  1990 | D:2      | 1990 ||| DRINKING 2 glowing puce potions.
  1991 | D:2      | 1991 ||| DRINKING 2 fuming yellow potions.
  2095 | D:2      | 2095 ||| DROPPING potion of berserk rage.
  2146 | D:3      | Noticed Sigmund
  2155 | D:3      | Killed Sigmund
  2156 | D:3      | Reached skill level 5 in Axes
  2156 | D:3      | Reached XP level 5. HP: 32/32 MP: 5/5
  2156 | D:3      | Reached XP level 6. HP: 37/37 MP: 6/6
  2415 | D:3      | Identified the +0 scale mail "Dym Zah" {-Cast rElec rCorr}
  2509 | D:3      | Found an ornate altar of the Wu Jian Council.
  2693 | D:3      | 2693 ||| Stepping ~*~*~tactically~*~*~ (stealth).
  2970 | D:3      | Reached skill level 6 in Axes
  3162 | D:3      | 3162 ||| READING scroll labelled CILELA JAEWE.
  3163 | D:3      | 3163 ||| READING scroll labelled NABLUO LILIEB.
  3164 | D:3      | 3164 ||| READING scroll labelled JEUWOOBLO.
  3265 | D:3      | 3265 ||| DRINKING 2 dark potions.
  3266 | D:3      | 3266 ||| READING 6 scrolls of identify.
  3266 | D:3      | 3266 ||| IDENTIFYING puce potion
  3299 | D:4      | 3299 ||| READING scroll of teleportation.
  3303 | D:4      | 3303 ||| FLEEEEING.
  3342 | D:4      | Reached skill level 1 in Dodging
  3342 | D:4      | Reached XP level 7. HP: 21/43 MP: 7/7
  3342 | D:4      | 3342 ||| FLEEEEING.
  3712 | D:4      | 3712 ||| UPGRADING to +2 helmet.
  4261 | D:4      | Reached skill level 7 in Axes
  4371 | D:4      | 4371 ||| READING scroll labelled OTEQIV DUOHOOF.
  4372 | D:4      | 4372 ||| DRINKING 2 purple potions.
  4373 | D:4      | 4373 ||| DROPPING potion of brilliance.
  4396 | D:5      | Entered Level 5 of the Dungeon
  4438 | D:5      | Found a staircase to the Ecumenical Temple.
  4439 | D:5      | 4439 ||| PLANNING TEMPLE
  4447 | Temple   | Entered the Ecumenical Temple
  4461 | Temple   | 4461 ||| PLANNING OKAWARU WORSHIP
  4609 | Temple   | Became a worshipper of Warmaster Okawaru
  4610 | Temple   | 4610 ||| PLANNING D:1-11
  4669 | D:5      | Reached XP level 8. HP: 48/48 MP: 8/8
  5323 | D:5      | Reached * piety under Okawaru
  5345 | D:5      | Reached skill level 8 in Axes
  5345 | D:5      | Reached skill level 1 in Invocations
  5550 | D:5      | 5550 ||| DROPPING amulet of regeneration.
  5551 | D:5      | 5551 ||| DRINKING 3 metallic brown potions.
  5552 | D:5      | 5552 ||| DRINKING 2 fizzy brown potions.
  5553 | D:5      | 5553 ||| READING 7 scrolls of identify.
  5553 | D:5      | 5553 ||| IDENTIFYING red potion
  5554 | D:5      | 5554 ||| READING 6 scrolls of identify.
  5554 | D:5      | 5554 ||| IDENTIFYING pink potion
  5555 | D:5      | 5555 ||| DROPPING potion of degeneration.
  5556 | D:5      | 5556 ||| DROPPING potion of flight.
  5625 | D:6      | 5625 ||| Stepping ~*~*~tactically~*~*~ (stealth).
  5696 | D:6      | Reached skill level 6 in Fighting
  5825 | D:6      | 5825 ||| Stepping ~*~*~tactically~*~*~ (stealth).
  5835 | D:6      | Reached skill level 3 in Invocations
  5921 | D:6      | 5921 ||| Stepping ~*~*~tactically~*~*~ (hiding).
  5926 | D:6      | 5926 ||| Stepping ~*~*~tactically~*~*~ (stealth).
  5928 | D:6      | 5928 ||| Stepping ~*~*~tactically~*~*~ (hiding).
  5929 | D:6      | 5929 ||| Stepping ~*~*~tactically~*~*~ (hiding).
  5931 | D:6      | 5931 ||| INVOKING Heroism.
  5983 | D:6      | You fall into a shaft and drop 3 floors!
  6007 | D:9      | 6007 ||| INVOKING Heroism.
  6019 | D:9      | Reached XP level 9. HP: 36/55 MP: 9/12
  6023 | D:9      | 6023 ||| INVOKING Heroism.
  6026 | D:9      | 6026 ||| DRINKING potion of curing.
  6026 | D:9      | 6026 ||| (to cure confusion)
  6167 | D:9      | Noticed Gastronok
  6168 | D:9      | 6168 ||| INVOKING Heroism.
  6184 | D:9      | HP: 11/55 [Gastronok/the air (5)]
  6185 | D:9      | 6185 ||| DRINKING potion of heal wounds.
  6196 | D:9      | Killed Gastronok
  6196 | D:9      | Reached ** piety under Okawaru
  6197 | D:9      | Reached skill level 10 in Axes
  6289 | D:9      | 6289 ||| DRINKING 2 white potions.
  6314 | D:8      | 6314 ||| INVOKING Heroism.
  6332 | D:8      | 6332 ||| Stepping ~*~*~tactically~*~*~ (hiding).
  6334 | D:8      | Reached *** piety under Okawaru
  6456 | D:8      | Noticed a troll
  6456 | D:8      | Noticed a wind drake
  6456 | D:8      | Noticed a boulder beetle
  6457 | D:8      | 6457 ||| INVOKING Heroism.
  6458 | D:8      | Noticed a troll
  6471 | D:8      | Killed a wind drake
  6473 | D:8      | Reached XP level 10. HP: 31/63 MP: 11/13
  6480 | D:8      | 6480 ||| INVOKING Heroism.
  6489 | D:8      | HP: 8/64 [boulder beetle (14)]
  6625 | D:8      | 6625 ||| INVOKING Heroism.
  6628 | D:8      | HP: 12/64 [boulder beetle (24)]
  6649 | D:8      | 6649 ||| INVOKING Heroism.
  6655 | D:8      | HP: 5/64 [boulder beetle (11)]
  6659 | D:8      | Slain by a boulder beetle

Levels and vault maps discovered:
D:1:      dpeg_arrival_orchard, layout_loops_ring, serial_shops, shop_fountains,
          ebering_ecumenical_altar_ruins
D:2:      layout_basic
D:3:      layout_basic, nicolae_wu_jian_glorious_leap, minmay_snake_closets,
          uniq_sigmund
D:4:      layout_loops_ring, nicolae_eternal_life, minmay_ogre_servants
D:5:      layout_gridville, temple_fountains
D:6:      layout_gridville, chequers_serial_rivers_micro_c,
          minmay_misc_feat_more_columns
D:8:      minmay_curly_fans, layout_layer_cave, lair_entry_dummy,
          enter_bailey_2, hangedman_decor_opposing
D:9:      layout_roguey, ebering_ghost_rock_garden, uniq_gastronok, uniq_joseph
Temple:   nicolae_temple_bog_church

Skill      XL: |  1  2  3  4  5  6  7  8  9 10 |
---------------+-------------------------------+-----
Axes           | 2 3 5 6 7 8 10 | 10.2
Fighting       | 4 6 7 |  7.6
Dodging        | 1 |  1.8
Invocations    | 4 |  4.1
Armour         | 4 5 |  5.6
Shields        | 4 |  4.1

Action                   |  1- 3 |  4- 6 |  7- 9 | 10-12 || total
-------------------------+-------+-------+-------+-------++-------
Melee: War axe           |   130 |   121 |   255 |    44 ||   550
Invok: Heroism           |       |       |     6 |     3 ||     9
  Use: Scroll            |     2 |    12 |     3 |       ||    17
       Potion            |       |     3 |     6 |       ||     9
Armor: Scale mail        |    55 |     4 |       |       ||    59
       Chain mail        |       |    26 |    86 |    12 ||   124
Dodge: Dodged            |    81 |    52 |    75 |    12 ||   220
Block: Buckler           |    31 |    57 |    97 |    11 ||   196
       Reflection        |       |     1 |     1 |       ||     2

Table legend:
 A = Non-vault XP
 B = Vault XP
 C = Vault XP percentage of total XP
 D = Non-vault monster count
 E = Vault monster count
 F = Vault count percentage of total count
                 A         B        C        D         E       F
            +---------+---------+-------+---------+---------+-------
      Total |    2616 |    2764 |  51.4 |     121 |      24 |  16.6
            +---------+---------+-------+---------+---------+-------
        D:1 |      35 |       0 |   0.0 |      23 |       0 |   0.0
        D:2 |     111 |       0 |   0.0 |      26 |       0 |   0.0
        D:3 |     133 |     289 |  68.5 |      21 |      11 |  34.4
        D:4 |     465 |     131 |  22.0 |      15 |       9 |  37.5
        D:5 |     665 |       0 |   0.0 |      11 |       0 |   0.0
        D:6 |     509 |       0 |   0.0 |      13 |       0 |   0.0
        D:8 |     519 |     868 |  62.6 |       6 |       3 |  33.3
        D:9 |     179 |    1476 |  89.2 |       6 |       1 |  14.3
            +---------+---------+-------+---------+---------+-------
